 Dungeon Crawl Stone Soup version 0.31-a0-848-gaac375c287 (webtiles) character file.

Game seed: 4473957175441154395

2 Kurtz the Sneak (level 1, 0/18 HPs)
             Began as a Mummy Delver on Oct 4, 2023.
             Slain by a hound (4 damage)
             ... on level 4 of the Dungeon.
             The game lasted 00:00:53 (214 turns).

Kurtz the Sneak (Mummy Delver)                       Turns: 214, Time: 00:00:53

Health: 0/18       AC:  3    Str: 15    XL:     1   Next: 25%
Magic:  1/1        EV: 11    Int:  9    God:
Gold:   16         SH:  0    Dex: 13    Spells: 0/0 levels left

rFire   x . .        a - +0 mace
rCold   + . .        (no shield)
rNeg    + + +        b - +0 leather armour
rPois   ∞            (no helmet)
rElec   .            (no cloak)
rCorr   .            (no gloves)
SInv    .            (no boots)
Will    .....        (no amulet)
Stlth   ++           (no ring)
HPRegen 0.23/turn    (no ring)
MPRegen 0.07/turn

%: faith
@: no status effects
A: cold resistance 1, negative energy resistance 3, torment resistance 2, heat
vulnerability 1, in touch with death 1, no potions, faith
a: no special abilities


You were on level 4 of the Dungeon.
You visited 1 branch of the dungeon, and saw 2 of its levels.

You collected 16 gold pieces.

Inventory:

Hand Weapons
 a - a +0 mace (weapon)
Armour
 b - a +0 leather armour (worn)
Wands
 f - a wand of digging (3)
Scrolls
 c - a scroll of fog
 d - a scroll of revelation
 e - a scroll of fear


   Skills:
 - Level 3.0 Fighting
 * Level 1.7 Maces & Flails
 - Level 1.5 Dodging
 - Level 4.1 Stealth


You couldn't memorise any spells.
You didn't know any spells.
Your spell library was empty.

Dungeon Overview and Level Annotations

Branches:
Dungeon (5/15)
 Temple: D:4-7

Altars:
Trog

Annotations:
D:4 2 runed translucent doors, CowFu's ghost, amateur DrMo


Innate Abilities, Weirdness & Mutations

You are immune to poison.
Your flesh is cold resistant. (rC+)
You are immune to negative energy. (rN+++)
You are immune to unholy pain and torment.
You are vulnerable to heat. (rF-)
You are in touch with the powers of death.
You do not drink.
You have a special connection with the divine. (Faith)


Message History

The hound barks!
You hit the hound.
The hound is lightly wounded.
The hound bites you but does no damage. The hound bites you.
You hit the hound.
The hound is lightly wounded.
The hound misses you. The hound bites you but does no damage.
You barely miss the hound.
The hound is lightly wounded.
The hound bites you. The hound misses you.
You closely miss the hound.
The hound is lightly wounded.
The hound bites you but does no damage. The hound completely misses you.
You barely miss the hound.
The hound is lightly wounded.
The hound misses you. x2
You hit the hound.
The hound is moderately wounded.
The hound closely misses you. x2
You barely miss the hound.
The hound is moderately wounded.
The hound bites you. The hound barely misses you.
You hit the hound.
The hound is moderately wounded.
The hound bites you. The hound closely misses you.
You barely miss the hound.
The hound is moderately wounded.
The hound bites you. The hound barely misses you.
You hit the hound.
The hound is heavily wounded.
The hound misses you. The hound bites you.
* * * LOW HITPOINT WARNING * * *
You hit the hound.
The hound is almost dead.
The hound completely misses you. The hound bites you.
* * * LOW HITPOINT WARNING * * *
You hit the hound.
The hound is almost dead.
The hound bites you.
You die...

###. ##....# ...
#...#. ..##....##
### ..#.....# #.#
#.#.....# #.##
#.......# ##..##
#......#
#.#..#####h.#.##.#
#####....@......#
##......#.###
#..##.....#
##..#......#
#...#......#
##..........#
#..........##
#.........#..#.#
#.###.....#....#


You could see a hound.

Vanquished Creatures
  A hobgoblin (D:4)
  A goblin (D:4)
2 creatures vanquished.

Notes
Turn   | Place    | Note
-------+----------+-------------------------------------------
     0 | D:5      | Kurtz the Mummy Delver began the quest for the Orb.
     0 | D:5      | Reached XP level 1. HP: 18/18 MP: 1/1
   109 | D:4      | Found a bloodstained altar of Trog.
   122 | D:4      | Found a large runed translucent door.
   122 | D:4      | Found a large runed translucent door.
   122 | D:4      | Noticed CowFu's ghost (amateur DrMo)
   202 | D:4      | Noticed a hound
   214 | D:4      | Slain by a hound

Illustrated notes

Levels and vault maps discovered:
D:4:      wad_river_or_something, layout_layer_cave, kennysheep_mini_moat,
          ebering_ghost_disaster_area, corner_web_ring, nicolae_wormholes
D:5:      kennysheep_spiral_hall, layout_basic,
          minmay_fractal_squares_diagonal_5

Action                     || total
---------------------------++-------
  Melee: Mace              ||    15
 Armour: Leather armour    ||    12
  Dodge: Dodged            ||    13

Table legend: (Time is in decaauts)
 A = Elapsed time spent in this place.
 B = Non-inter-level travel time spent in this place.
 C = Inter-level travel time spent in this place.
 D = Time resting spent in this place.
 E = Time spent auto-exploring this place.
 F = Levels seen in this place.
 G = Mean time per level.
                   A        B        C        D        E       F      G
               +--------+--------+--------+--------+--------+-----+--------+
         Total |    218 |    218 |      0 |      4 |     26 |   2 |  109.0 |
       Dungeon |    218 |    218 |      0 |      4 |     26 |   2 |  109.0 |
               +--------+--------+--------+--------+--------+-----+--------+

Top non-repeatable levels by time:
     D:4: 135 daAuts
     D:5: 83 daAuts
